TOP OF THE 1ST |
Buffalo Bisons batting - Pitching for Tacoma Rainiers : RHP Joe Pruitt
|
Pitching: RHP Joe Pruitt
|
|
Batting: RHB Danny Burnside
|
0-0: Ball 1-0: Ball 2-0: Foul Ball, location: 2F 2-1: Ground out U3 (Groundball, 34, EV 106.2 MPH)
|
Batting: LHB Jesus Romero
|
0-0: Reached on error, E4 (Groundball, 4, EV 80.6 MPH)
|
Batting: RHB Alex Ramos
|
0-0: Ball Jesus Romero is caught stealing 2nd base 2-4 1-0: Ball 2-0: Ball 3-0: Base on Balls
|
Batting: RHB Jon Aguilar
|
0-0: Ball 1-0: Called Strike Alex Ramos steals 2nd base 1-1: SINGLE (Line Drive, 9S, EV 104.4 MPH) Alex Ramos to third Runner from 3rd tries for Home, SAFE, throw by RF to home
|
Batting: LHB Tso-lin Fen
|
0-0: Called Strike Jon Aguilar steals 2nd base (no throw) 0-1: Fly out, F7 (Flyball, 7LM, EV 91.2 MPH)
|
Top of the 1st over - 1 run, 1 hit, 1 error, 1 left on base; Buffalo 1 - Tacoma 0 |
BOTTOM OF THE 1ST |
Tacoma Rainiers batting - Pitching for Buffalo Bisons : RHP Justin Sedivy
|
Pitching: RHP Justin Sedivy
|
|
Batting: RHB David Aguilar
|
0-0: Ball 1-0: Ball 2-0: Called Strike 2-1: Called Strike 2-2: Ball 3-2: Strikes out swinging
|
Batting: RHB Sean Peake
|
0-0: Ball 1-0: Ball 2-0: Called Strike 2-1: Called Strike 2-2: Ball 3-2: SINGLE (Line Drive, 4MD, EV 96.2 MPH)
|
Batting: RHB Bill Vives
|
0-0: Ball 1-0: Ball 2-0: Fly out, F8 (Flyball, 8LS, EV 93.1 MPH)
|
Batting: LHB Ryan Lowe
|
0-0: Ball 1-0: Called Strike Sean Peake steals 2nd, throwing error, E2 Sean Peake to third 1-1: Foul Ball, location: 2F 1-2: Foul Ball, location: 2F 1-2: Foul Ball, location: 2F 1-2: Ground out U3 (Groundball, 3, EV 100.6 MPH)
|
Bottom of the 1st over - 0 runs, 1 hit, 1 error, 1 left on base; Buffalo 1 - Tacoma 0 |
TOP OF THE 2ND |
Buffalo Bisons batting - Pitching for Tacoma Rainiers : RHP Joe Pruitt
|
Batting: LHB Yoshinari Nara
|
0-0: Ball 1-0: Fly out, F7 (Flyball, 7D, EV 92.5 MPH)
|
Batting: SHB Phuck
|
0-0: Ball 1-0: Ball 2-0: Fly out, F8 (Line Drive, 8LD, EV 103.1 MPH)
|
Batting: RHB Danny Heyer
|
0-0: Ball 1-0: Ball 2-0: Ball 3-0: Called Strike 3-1: Called Strike 3-2: DOUBLE (Groundball, 5L, EV 108.1 MPH)
|
Batting: RHB Tony Rosas
|
0-0: Ground out 6-3 (Groundball, 6, EV 81.9 MPH)
|
Top of the 2nd over - 0 runs, 1 hit, 0 errors, 1 left on base; Buffalo 1 - Tacoma 0 |
BOTTOM OF THE 2ND |
Tacoma Rainiers batting - Pitching for Buffalo Bisons : RHP Justin Sedivy
|
Batting: RHB Kumar Madugula
|
0-0: Called Strike 0-1: Ball 1-1: Swinging Strike 1-2: Ball 2-2: Foul Ball, location: 2F 2-2: Ball 3-2: Foul Ball, location: 2F 3-2: Ground out 6-3 (Groundball, 6, EV 85.6 MPH)
|
Batting: RHB Tatsunori Hayakawa
|
0-0: Ball 1-0: Called Strike 1-1: Ground out 5-3 (Groundball, 56, EV 84.4 MPH)
|
Batting: SHB Ismael Bello
|
0-0: Ground out 3-1 (Groundball, 34, EV 100.6 MPH)
|
Bottom of the 2nd over - 0 runs, 0 hits, 0 errors, 0 left on base; Buffalo 1 - Tacoma 0 |
TOP OF THE 3RD |
Buffalo Bisons batting - Pitching for Tacoma Rainiers : RHP Joe Pruitt
|
Batting: RHB Danny Burnside
|
0-0: Swinging Strike 0-1: Foul Ball, location: 2F 0-2: Ball 1-2: Ground out 3-1 (Groundball, 34, EV 95.0 MPH)
|
Batting: LHB Jesus Romero
|
0-0: Foul Ball, location: 2F 0-1: Ball 1-1: Foul Ball, location: 2F 1-2: Foul Ball, location: 2F 1-2: Foul Ball, location: 2F 1-2: Foul Ball, location: 2F 1-2: Foul Ball, location: 2F 1-2: Ball 2-2: Foul Ball, location: 2F 2-2: Ball 3-2: SINGLE (Groundball, 4MS, EV 68.8 MPH) (infield hit)
|
Batting: RHB Alex Ramos
|
0-0: Foul Ball, location: 2F 0-1: Called Strike 0-2: Ground out 6-3 (Groundball, 56D, EV 104.4 MPH) Jesus Romero to second
|
Batting: RHB Jon Aguilar
|
0-0: Ball 1-0: Called Strike 1-1: Swinging Strike 1-2: Foul Ball, location: 2F 1-2: 2-RUN HOME RUN (Flyball, 9LD, EV 94.4 MPH), Distance : 345 ft
|
Batting: LHB Tso-lin Fen
|
0-0: Ball 1-0: Fly out, F5 (Line Drive, 5, EV 67.5 MPH)
|
Top of the 3rd over - 2 runs, 2 hits, 0 errors, 0 left on base; Buffalo 3 - Tacoma 0 |
BOTTOM OF THE 3RD |
Tacoma Rainiers batting - Pitching for Buffalo Bisons : RHP Justin Sedivy
|
Batting: RHB Jim Begger
|
0-0: Ball 1-0: Called Strike 1-1: Foul Ball, location: 2F 1-2: Foul Ball, location: 2F 1-2: Foul Ball, location: 2F 1-2: Ball 2-2: Foul Ball, location: 2F 2-2: SINGLE (Groundball, 56D, EV 95.0 MPH)
|
Batting: SHB Tony de Lara
|
0-0: Ball 1-0: Called Strike 1-1: Grounds into double play, 6-4-3 (Groundball, 6, EV 109.4 MPH)
|
Batting: RHB David Aguilar
|
0-0: Foul Ball, location: 2F 0-1: Ball 1-1: Ball 2-1: Ball 3-1: Called Strike 3-2: Foul Ball, location: 2F 3-2: Reached on error, E7 (Flyball, 7LS, EV 90.0 MPH)
|
Batting: RHB Sean Peake
|
0-0: Ground out 5-3 (Groundball, 56, EV 81.2 MPH)
|
Bottom of the 3rd over - 0 runs, 1 hit, 1 error, 1 left on base; Buffalo 3 - Tacoma 0 |
TOP OF THE 4TH |
Buffalo Bisons batting - Pitching for Tacoma Rainiers : RHP Joe Pruitt
|
Batting: LHB Yoshinari Nara
|
0-0: Foul Ball, location: 2F 0-1: Ball 1-1: Foul Ball, location: 2F 1-2: Foul Ball, location: 2F 1-2: Foul Ball, location: 2F 1-2: SINGLE (Groundball, 4MD, EV 101.2 MPH)
|
Batting: SHB Phuck
|
0-0: Ball 1-0: Swinging Strike 1-1: Swinging Strike 1-2: Ball 2-2: Strikes out swinging
|
Batting: RHB Danny Heyer
|
0-0: SINGLE (Groundball, 25, EV 69.4 MPH) (infield hit) Yoshinari Nara to second
|
Batting: RHB Tony Rosas
|
0-0: Ball 1-0: Foul Ball, location: 2F 1-1: Fielders Choice at 2nd, 6-4 (Groundball, 6, EV 81.9 MPH) Yoshinari Nara to third
|
Batting: RHB Danny Burnside
|
0-0: Called Strike 0-1: Foul Ball, location: 2F 0-2: Ball 1-2: Ground out 5-3 (Groundball, 56S, EV 85.6 MPH)
|
Top of the 4th over - 0 runs, 2 hits, 0 errors, 2 left on base; Buffalo 3 - Tacoma 0 |
BOTTOM OF THE 4TH |
Tacoma Rainiers batting - Pitching for Buffalo Bisons : RHP Justin Sedivy
|
Batting: RHB Bill Vives
|
0-0: Foul Ball, location: 2F 0-1: Foul Ball, location: 2F 0-2: Foul Ball, location: 2F 0-2: Foul Ball, location: 2F 0-2: Ground out 1-3 (Groundball, 15S, EV 62.5 MPH)
|
Batting: LHB Ryan Lowe
|
0-0: Ball 1-0: Ground out 5-3 (Groundball, 56, EV 103.8 MPH)
|
Batting: RHB Kumar Madugula
|
0-0: SINGLE (Groundball, 4MD, EV 101.9 MPH)
|
Batting: RHB Tatsunori Hayakawa
|
0-0: Fly out, F9 (Line Drive, 9S, EV 106.9 MPH)
|
Bottom of the 4th over - 0 runs, 1 hit, 0 errors, 1 left on base; Buffalo 3 - Tacoma 0 |
TOP OF THE 5TH |
Buffalo Bisons batting - Pitching for Tacoma Rainiers : RHP Joe Pruitt
|
Batting: LHB Jesus Romero
|
0-0: Ball 1-0: Called Strike 1-1: Ball 2-1: Ball 3-1: Base on Balls
|
Batting: RHB Alex Ramos
|
0-0: Ball Jesus Romero steals 2nd base (no throw) 1-0: Foul Ball, location: 2F 1-1: Ball 2-1: Fly out, F8 (Flyball, 8LS, EV 96.9 MPH)
|
Batting: RHB Jon Aguilar
|
0-0: Called Strike 0-1: Ball 1-1: Foul Ball, location: 2F 1-2: Ball 2-2: Ball 3-2: Base on Balls
|
Batting: LHB Tso-lin Fen
|
0-0: Ball Jesus Romero steals 3rd base Jon Aguilar to second 1-0: Foul Ball, location: 2F 1-1: Hit by Pitch
|
Batting: LHB Yoshinari Nara
|
0-0: Called Strike 0-1: Ball 1-1: Ball 2-1: Ball 3-1: Called Strike 3-2: Base on Balls Jesus Romero scores Jon Aguilar to third Tso-lin Fen to second
|
Batting: SHB Phuck
|
0-0: Called Strike 0-1: Ball 1-1: Foul Ball, location: 2F 1-2: Ball 2-2: Ball 3-2: Base on Balls Jon Aguilar scores Tso-lin Fen to third Yoshinari Nara to second
|
Pitching: RHP Nick Doty
|
|
Batting: RHB Danny Heyer
|
0-0: Called Strike 0-1: Fly out, F8 (Flyball, 8LM, EV 76.2 MPH)
|
Batting: RHB Tony Rosas
|
0-0: Called Strike 0-1: Foul Ball, location: 2F 0-2: Fielders Choice at 2nd, 6-4 (Groundball, 56D, EV 105.0 MPH)
|
Top of the 5th over - 2 runs, 0 hits, 0 errors, 3 left on base; Buffalo 5 - Tacoma 0 |
BOTTOM OF THE 5TH |
Tacoma Rainiers batting - Pitching for Buffalo Bisons : RHP Justin Sedivy
|
Batting: SHB Ismael Bello
|
0-0: SINGLE (Groundball, 34D, EV 103.1 MPH)
|
Batting: RHB Jim Begger
|
0-0: Ball 1-0: Ball 2-0: Foul Ball, location: 2F 2-1: Ball 3-1: Foul Ball, location: 2F 3-2: Base on Balls Ismael Bello to second
|
Batting: SHB Tony de Lara
|
0-0: Called Strike 0-1: Called Strike 0-2: Strikes out looking
|
Batting: RHB David Aguilar
|
0-0: Swinging Strike 0-1: Ball 1-1: Swinging Strike 1-2: Ball 2-2: Strikes out looking
|
Batting: RHB Sean Peake
|
0-0: Called Strike 0-1: Swinging Strike 0-2: Fielders Choice at 2nd, 6-4 (Groundball, 6, EV 78.1 MPH)
|
Bottom of the 5th over - 0 runs, 1 hit, 0 errors, 2 left on base; Buffalo 5 - Tacoma 0 |
TOP OF THE 6TH |
Buffalo Bisons batting - Pitching for Tacoma Rainiers : RHP Nick Doty
|
Batting: RHB Danny Burnside
|
0-0: Ball 1-0: Ball 2-0: Ball 3-0: Called Strike 3-1: Base on Balls
|
Batting: LHB Jesus Romero
|
0-0: Ball 1-0: Ball Danny Burnside steals 2nd base 2-0: Ball 3-0: Foul Ball, location: 2F 3-1: Base on Balls
|
Batting: RHB Alex Ramos
|
0-0: Called Strike 0-1: Foul Ball, location: 2F 0-2: Foul Ball, location: 2F 0-2: Ball 1-2: Ball 2-2: Ball 3-2: Foul Ball, location: 2F 3-2: Base on Balls Danny Burnside to third Jesus Romero to second
|
Batting: RHB Jon Aguilar
|
0-0: Called Strike 0-1: Fly out, F6 (Popup, P, EV 79.4 MPH)
|
Batting: LHB Tso-lin Fen
|
0-0: Called Strike 0-1: Called Strike 0-2: Ball 1-2: Fielders Choice at 2nd, 4-6 (Groundball, 4, EV 78.8 MPH) Danny Burnside scores Jesus Romero to third
|
Batting: LHB Yoshinari Nara
|
0-0: Foul Ball, location: 2F 0-1: Ball 1-1: Foul Ball, location: 2F 1-2: Foul Ball, location: 2F 1-2: Foul Ball, location: 2F 1-2: Foul Ball, location: 2F 1-2: Ball 2-2: Foul Ball, location: 2F 2-2: Ball 3-2: Foul Ball, location: 2F 3-2: Base on Balls Tso-lin Fen to second
|
Batting: SHB Phuck
|
0-0: Called Strike 0-1: Ball 1-1: Swinging Strike 1-2: Strikes out looking
|
Top of the 6th over - 1 run, 0 hits, 0 errors, 3 left on base; Buffalo 6 - Tacoma 0 |
BOTTOM OF THE 6TH |
Tacoma Rainiers batting - Pitching for Buffalo Bisons : RHP Justin Sedivy
|
Batting: RHB Bill Vives
|
0-0: SINGLE (Flyball, 56D, EV 89.4 MPH)
|
Batting: LHB Ryan Lowe
|
0-0: Ball 1-0: Called Strike 1-1: Foul Ball, location: 2F 1-2: Ball 2-2: Fielders Choice at 2nd, 1-6 (Groundball, 34S, EV 67.5 MPH)
|
Batting: RHB Kumar Madugula
|
0-0: Swinging Strike 0-1: Foul Ball, location: 2F 0-2: Foul Ball, location: 2F 0-2: Foul Ball, location: 2F 0-2: Ball 1-2: Ball 2-2: Strikes out looking
|
Batting: RHB Tatsunori Hayakawa
|
0-0: Ball 1-0: Ball 2-0: Ball 3-0: Base on Balls Ryan Lowe to second
|
Batting: SHB Ismael Bello
|
0-0: Ball 1-0: Foul Ball, location: 2F 1-1: Fly out, F7 (Flyball, 7LM, EV 74.4 MPH)
|
Bottom of the 6th over - 0 runs, 1 hit, 0 errors, 2 left on base; Buffalo 6 - Tacoma 0 |
TOP OF THE 7TH |
Buffalo Bisons batting - Pitching for Tacoma Rainiers : RHP Nick Doty
|
Batting: RHB Danny Heyer
|
0-0: Foul Ball, location: 2F 0-1: Called Strike 0-2: Ball 1-2: Strikes out swinging
|
Batting: RHB Tony Rosas
|
0-0: Ball 1-0: Swinging Strike 1-1: Ball 2-1: Swinging Strike 2-2: Fly out, F6 (Popup, 4MD, EV 48.8 MPH)
|
Batting: RHB Danny Burnside
|
0-0: Ball 1-0: Called Strike 1-1: Foul Ball, location: 2F 1-2: Ball 2-2: Strikes out looking
|
Top of the 7th over - 0 runs, 0 hits, 0 errors, 0 left on base; Buffalo 6 - Tacoma 0 |
BOTTOM OF THE 7TH |
Tacoma Rainiers batting - Pitching for Buffalo Bisons : RHP Justin Sedivy
|
Batting: RHB Jim Begger
|
0-0: Ball 1-0: Ground out 5-3 (Groundball, 56, EV 103.1 MPH)
|
Pitching: RHP Doug Whitlatch
|
|
Batting: SHB Tony de Lara
|
0-0: Called Strike 0-1: Foul Ball, location: 2F 0-2: Ball 1-2: Foul Ball, location: 2F 1-2: Ball 2-2: Strikes out looking
|
Batting: RHB David Aguilar
|
0-0: Ball 1-0: Ground out 4-3 (Groundball, 4, EV 101.2 MPH)
|
Bottom of the 7th over - 0 runs, 0 hits, 0 errors, 0 left on base; Buffalo 6 - Tacoma 0 |
TOP OF THE 8TH |
Buffalo Bisons batting - Pitching for Tacoma Rainiers : RHP Nick Doty
|
Batting: LHB Jesus Romero
|
0-0: Called Strike 0-1: Ball 1-1: Fly out, F7 (Flyball, 78M, EV 83.1 MPH)
|
Pitching: RHP Michito Ito
|
|
Batting: RHB Alex Ramos
|
0-0: Ball 1-0: Swinging Strike 1-1: Called Strike 1-2: Strikes out swinging
|
Batting: RHB Jon Aguilar
|
0-0: Called Strike 0-1: Ball 1-1: Called Strike 1-2: Foul Ball, location: 2F 1-2: Strikes out swinging
|
Top of the 8th over - 0 runs, 0 hits, 0 errors, 0 left on base; Buffalo 6 - Tacoma 0 |
BOTTOM OF THE 8TH |
Tacoma Rainiers batting - Pitching for Buffalo Bisons : RHP Doug Whitlatch
|
Batting: RHB Sean Peake
|
0-0: Called Strike 0-1: SINGLE (Groundball, 56D, EV 101.9 MPH)
|
Batting: RHB Bill Vives
|
0-0: Ball 1-0: Swinging Strike 1-1: Fly out, F7 (Flyball, 7LM, EV 90.0 MPH)
|
Batting: LHB Ryan Lowe
|
0-0: Swinging Strike 0-1: Ball 1-1: Foul Ball, location: 2F 1-2: Strikes out swinging
|
Batting: RHB Kumar Madugula
|
0-0: Called Strike 0-1: Ball 1-1: Fly out, F7 (Flyball, 7LM, EV 103.8 MPH)
|
Bottom of the 8th over - 0 runs, 1 hit, 0 errors, 1 left on base; Buffalo 6 - Tacoma 0 |
TOP OF THE 9TH |
Buffalo Bisons batting - Pitching for Tacoma Rainiers : RHP Michito Ito
|
Batting: LHB Tso-lin Fen
|
0-0: Called Strike 0-1: Ball 1-1: Foul Ball, location: 2F 1-2: Hit by Pitch
|
Batting: LHB Yoshinari Nara
|
0-0: Ball Tso-lin Fen steals 2nd base 1-0: Ball 2-0: Ball 3-0: Base on Balls
|
Batting: SHB Phuck
|
0-0: Called Strike 0-1: Ball 1-1: Ball 2-1: Foul Ball, location: 2F 2-2: Ball 3-2: Fly out, F8 (Line Drive, 8LM, EV 97.5 MPH)
|
Batting: RHB Danny Heyer
|
0-0: Ball 1-0: Ball 2-0: Ball 3-0: Base on Balls Tso-lin Fen to third Yoshinari Nara to second
|
Batting: RHB Tony Rosas
|
0-0: Ball 1-0: Ball 2-0: Called Strike 2-1: Foul Ball, location: 2F 2-2: Foul Ball, location: 2F 2-2: Foul Ball, location: 2F 2-2: Ground out 6-3 (Groundball, 6S, EV 70.6 MPH) Tso-lin Fen scores Yoshinari Nara to third Danny Heyer to second
|
Batting: RHB Danny Burnside
|
0-0: Ball 1-0: Fly out, F4 (Popup, 4, EV 76.2 MPH)
|
Top of the 9th over - 1 run, 0 hits, 0 errors, 2 left on base; Buffalo 7 - Tacoma 0 |
BOTTOM OF THE 9TH |
Tacoma Rainiers batting - Pitching for Buffalo Bisons : RHP Doug Whitlatch
|
Batting: RHB Tatsunori Hayakawa
|
0-0: Fly out, F4 (Flyball, 34D, EV 80.6 MPH)
|
Batting: SHB Ismael Bello
|
0-0: Ball 1-0: Ball 2-0: TRIPLE (Line Drive, 78XD, EV 104.4 MPH)
|
Batting: RHB Jim Begger
|
0-0: Called Strike 0-1: Ball Wild Pitch! Ismael Bello scores 1-1: Foul Ball, location: 2F 1-2: Foul Ball, location: 2F 1-2: Strikes out looking
|
Batting: SHB Tony de Lara
|
0-0: Foul Ball, location: 2F 0-1: Ball 1-1: Swinging Strike 1-2: Ball 2-2: Foul Ball, location: 2F 2-2: Foul Ball, location: 2F 2-2: Strikes out swinging
|
Bottom of the 9th over - 1 run, 1 hit, 0 errors, 0 left on base; Buffalo 7 - Tacoma 1 |
|